 Dungeon Crawl Stone Soup version 0.26-a0-712-ga5a9c9c9d0 (webtiles) character file.

Game seed: 2624716642115228191

69 kae the Changer (level 4, 0/38 HPs)
             Began as a Naga Transmuter on Nov 4, 2020.
             Slain by a shadow imp (1 damage)
             ... summoned by Natasha
             ... on level 2 of the Dungeon.
             The game lasted 00:00:45 (1550 turns).

kae the Changer (Naga Transmuter)                   Turns: 1550, Time: 00:00:45

Health: 0/38       AC:  2    Str: 14    XL:     4   Next: 20%
Magic:  7/7        EV: 10    Int: 13    God:
Gold:   88         SH:  0    Dex: 11    Spells: 6/7 levels left

rFire    . . .     SeeInvis +     - Unarmed
rCold    . . .     Faith    .   (no shield)
rNeg     . . .     Spirit   .   a - +0 robe
rPois    +         Reflect  .   (helmet currently unavailable)
rElec    .         Harm     .   (no cloak)
rCorr    .         Rampage  .   (no gloves)
MR       .....                  (no barding)
Stlth    +.........             (no amulet)
HPRegen  0.12/turn              (no ring)
MPRegen  0.10/turn              (no ring)

@: appendages (expiring), slowed, very slow
A: large, horns 2, see invisible, deformed body, poison resistance, slowness 2,
spit poison 1, AC +1
a: Spit Poison, End Transformation


You were on level 2 of the Dungeon.
You had grown temporary horns.
You visited 1 branch of the dungeon, and saw 2 of its levels.

You collected 88 gold pieces.

Inventory:

Armour
 a - a +0 robe (worn)
Jewellery
 b - a +6 ring of dexterity {unknown}
 d - an uncursed ring of positive energy {unknown}
 g - a cursed ring of attention {unknown}
Scrolls
 e - 2 scrolls of remove curse {unknown}
 h - a scroll of immolation {unknown}
 i - a scroll of noise {unknown}
 k - a scroll of identify {unknown}
Potions
 j - a potion of resistance {unknown}
 l - a potion of berserk rage {unknown}


   Skills:
 - Level 1.0 Fighting
 - Level 1.5 Dodging
 + Level 3.7 Unarmed Combat
 - Level 2.0 Spellcasting
 * Level 3.7 Transmutations


You had 6 spell levels left.
You knew the following spells:

 Your Spells              Type           Power        Failure   Level
a - Beastly Appendage     Tmut           ##....       5%          1

Your spell library contained the following spells:

 Spells                   Type           Power        Failure   Level
 Wereblood                Tmut           ##......     9%          2
 Spider Form              Tmut/Pois      #.........   34%         3
 Ice Form                 Ice/Tmut       #.......     75%         4
 Blade Hands              Tmut           ##........   83%         5


Dungeon Overview and Level Annotations

Branches:
Dungeon (2/15)

Altars:
Elyvilon

Annotations:
D:2 Natasha


Innate Abilities, Weirdness & Mutations

You cannot wear boots.
Your serpentine skin is tough. (AC +1)
You have supernaturally acute eyesight. (SInv)
Armour fits poorly on your strangely shaped body.
Your system is resistant to poisons. (rPois)
You cover ground very slowly.
You can spit poison.
You have a pair of horns on your head.


Message History

You hit Natasha.
Natasha is moderately wounded.
Your transformation is almost over.
You have got your breath back.
Natasha claws you! x2
* * * LOW HITPOINT WARNING * * *
You hit Natasha but do no damage.
Natasha is moderately wounded.
Natasha claws you.
* * * LOW HITPOINT WARNING * * *
You closely miss Natasha. Your headbutt misses Natasha.
Natasha is moderately wounded.
Natasha casts a spell.
You feel better. Natasha claws you!
* * * LOW HITPOINT WARNING * * *
The shadow imp closely misses you. Natasha barely misses you.
You hit Natasha but do no damage.
Natasha is heavily wounded.
Natasha looks more healthy.
The shadow imp hits you.
You die...

## ### #.. ..# #.# #.#
######.# #.#
......####.###
############......##....
......5@h55'............
#..#########......####..
######......##....
...................
###..........##....
#.##...#'######## #
#...#.........
#...#####..... #...#
##.###


You could see Natasha, a white imp (summoned) and 2 shadow imps.

Vanquished Creatures
  Natasha (D:2)
  2 adders (D:2)
  A leopard gecko (D:1)
  4 bats
  2 giant cockroaches (D:1)
  3 goblins
  2 jackals (D:2)
  2 kobolds
  A quokka (D:2)
  3 frilled lizards
  6 rats
27 creatures vanquished.

Notes
Turn   | Place    | Note
-------+----------+-------------------------------------------
     0 | D:1      | kae the Naga Transmuter began the quest for the Orb.
     0 | D:1      | Reached XP level 1. HP: 18/18 MP: 3/3
   256 | D:1      | Reached XP level 2. HP: 22/25 MP: 5/5
  1196 | D:2      | Reached XP level 3. HP: 28/31 MP: 4/6
  1267 | D:2      | Found a white marble altar of Elyvilon.
  1521 | D:2      | Noticed Natasha
  1532 | D:2      | Killed Natasha
  1532 | D:2      | Reached XP level 4. HP: 20/38 MP: 5/7
  1536 | D:2      | Noticed Natasha
  1547 | D:2      | HP: 1/38 [Natasha (6)]
  1550 | D:2      | Slain by a shadow imp

Illustrated notes

Levels and vault maps discovered:
D:1:      lemuel_arrival_river_bridge, layout_loops_cross, st_stairs_11
D:2:      layout_basic, elyvilon_altar_5, uniq_natasha

Skill      XL: |  1  2 |
---------------+-------+-----
Transmutations | 3 |  3.7
Fighting       | |  1.0
Dodging        | |  1.5
Unarmed Combat | |  3.7
Spellcasting   | |  2.0

Action                   |  1- 3 |  4- 6 || total
-------------------------+-------+-------++-------
Melee: Unarmed           |    53 |    11 ||    64
       Punch             |     2 |       ||     2
       Headbutt          |     4 |     1 ||     5
 Cast: Beastly Appendage |    17 |     1 ||    18
 Abil: Spit Poison       |    12 |     1 ||    13
  Use: Potion            |     1 |     2 ||     3
Armor: Robe              |    13 |     2 ||    15
Dodge: Dodged            |    40 |     7 ||    47

Table legend: (Time is in decaauts)
 A = Elapsed time spent in this place.
 B = Non-inter-level travel time spent in this place.
 C = Inter-level travel time spent in this place.
 D = Time resting spent in this place.
 E = Time spent auto-exploring this place.
 F = Levels seen in this place.
 G = Mean time per level.
                   A        B        C        D        E       F      G
               +--------+--------+--------+--------+--------+-----+--------+
         Total |   1849 |   1838 |     11 |      3 |   1610 |   2 |  924.5 |
       Dungeon |   1849 |   1838 |     11 |      3 |   1610 |   2 |  924.5 |
               +--------+--------+--------+--------+--------+-----+--------+

Top non-repeatable levels by time:
     D:1: 1137 daAuts
     D:2: 711 daAuts
